| TOP OF THE 1ST |
|
Pawtucket Red Sox batting - Pitching for Rochester Red Wings : RHP Matt Springer
|
|
Pitching: RHP Matt Springer
|
|
|
Batting: SHB Ben Ervin
|
0-0: Called Strike 0-1: Called Strike 0-2: Ball 1-2: Strikes out swinging
|
|
Batting: RHB Carlos Nolasco
|
0-0: Called Strike 0-1: Ball 1-1: Ground out 5-3 (Groundball, 5, EV 105.6 MPH)
|
|
Batting: RHB Jose Diaz
|
0-0: Ball 1-0: Swinging Strike 1-1: Ball 2-1: Ball 3-1: Base on Balls
|
|
Batting: RHB Roberto Morales
|
0-0: Ball 1-0: Ball 2-0: SINGLE (Groundball, 56D, EV 100.0 MPH) Jose Diaz to second
|
|
Batting: RHB Brandon Perris
|
0-0: Ball 1-0: Swinging Strike 1-1: Foul Ball, location: 2F 1-2: Foul Ball, location: 2F 1-2: Strikes out swinging, 2-3 out at first.
|
| Top of the 1st over - 0 runs, 1 hit, 0 errors, 2 left on base; Pawtucket 0 - Rochester 0 |
| BOTTOM OF THE 1ST |
|
Rochester Red Wings batting - Pitching for Pawtucket Red Sox : RHP Roberto Morales
|
|
Pitching: RHP Roberto Morales
|
|
|
Batting: RHB Joe Young
|
0-0: Foul Ball, location: 2F 0-1: Ball 1-1: Ball 2-1: Ball 3-1: Ground out U3 (Groundball, 3L, EV 81.2 MPH)
|
|
Batting: SHB Ian Thompson
|
0-0: Ball 1-0: Ball 2-0: Ground out 4-3 (Groundball, 4, EV 107.5 MPH)
|
|
Batting: LHB Chaim Huting
|
0-0: Ball 1-0: Ball 2-0: Called Strike 2-1: Foul Ball, location: 2F 2-2: Ball 3-2: Strikes out looking
|
| Bottom of the 1st over - 0 runs, 0 hits, 0 errors, 0 left on base; Pawtucket 0 - Rochester 0 |
| TOP OF THE 2ND |
|
Pawtucket Red Sox batting - Pitching for Rochester Red Wings : RHP Matt Springer
|
|
Batting: RHB John Chiesa
|
0-0: Called Strike 0-1: Ball 1-1: Ball 2-1: Ball 3-1: SINGLE (Flyball, 6D, EV 90.6 MPH)
|
|
Batting: LHB Julian Toney
|
0-0: Called Strike 0-1: Swinging Strike 0-2: Foul Ball, location: 2F 0-2: Strikes out swinging
|
|
Batting: RHB Andy Garvin
|
0-0: Called Strike 0-1: Swinging Strike 0-2: Foul Ball, location: 2F 0-2: Foul Ball, location: 2F 0-2: Strikes out swinging
|
|
Batting: RHB Joe Evrard
|
0-0: Ball 1-0: Ball 2-0: Called Strike 2-1: Foul Ball, location: 2F 2-2: Fly out, F7 (Flyball, 7LM, EV 86.9 MPH)
|
| Top of the 2nd over - 0 runs, 1 hit, 0 errors, 1 left on base; Pawtucket 0 - Rochester 0 |
| BOTTOM OF THE 2ND |
|
Rochester Red Wings batting - Pitching for Pawtucket Red Sox : RHP Roberto Morales
|
|
Batting: SHB Dan Morataya
|
0-0: Swinging Strike 0-1: Ball 1-1: Ground out 5-3 (Groundball, 5L, EV 101.2 MPH)
|
|
Batting: LHB Chris Munguia
|
0-0: Called Strike 0-1: Called Strike 0-2: Ground out U3 (Groundball, 34S, EV 62.5 MPH)
|
|
Batting: RHB Manuel Juarez
|
0-0: Ball 1-0: Foul Ball, location: 2F 1-1: Ball 2-1: Called Strike 2-2: Ground out 5-3 (Groundball, 56, EV 101.2 MPH)
|
| Bottom of the 2nd over - 0 runs, 0 hits, 0 errors, 0 left on base; Pawtucket 0 - Rochester 0 |
| TOP OF THE 3RD |
|
Pawtucket Red Sox batting - Pitching for Rochester Red Wings : RHP Matt Springer
|
|
Batting: SHB Ben Ervin
|
0-0: Foul Ball, location: 2F 0-1: Foul Ball, location: 2F 0-2: Ball 1-2: Foul Ball, location: 2F 1-2: Fly out, F9 (Line Drive, 9LS, EV 91.2 MPH)
|
|
Batting: RHB Carlos Nolasco
|
0-0: Swinging Strike 0-1: Ball 1-1: Foul Ball, location: 2F 1-2: Ball 2-2: Strikes out looking
|
|
Batting: RHB Jose Diaz
|
0-0: Ball 1-0: Ball 2-0: Ball 3-0: Called Strike 3-1: Base on Balls
|
|
Batting: RHB Roberto Morales
|
0-0: Called Strike 0-1: Called Strike 0-2: Ball 1-2: Strikes out swinging
|
| Top of the 3rd over - 0 runs, 0 hits, 0 errors, 1 left on base; Pawtucket 0 - Rochester 0 |
| BOTTOM OF THE 3RD |
|
Rochester Red Wings batting - Pitching for Pawtucket Red Sox : RHP Roberto Morales
|
|
Batting: SHB Manny Molina
|
0-0: Ball 1-0: Foul Ball, location: 2F 1-1: Ball 2-1: Ball 3-1: Fly out, F9 (Flyball, 9, EV 89.4 MPH)
|
|
Batting: RHB Ryan Gautney
|
0-0: Ball 1-0: Swinging Strike 1-1: Ball 2-1: Fly out, F7 (Line Drive, 78M, EV 97.5 MPH)
|
|
Batting: RHB Jeremy Witt
|
0-0: Ball 1-0: Fly out, F6 (Flyball, 6MD, EV 86.2 MPH)
|
| Bottom of the 3rd over - 0 runs, 0 hits, 0 errors, 0 left on base; Pawtucket 0 - Rochester 0 |
| TOP OF THE 4TH |
|
Pawtucket Red Sox batting - Pitching for Rochester Red Wings : RHP Matt Springer
|
|
Batting: RHB Brandon Perris
|
0-0: Ground out 5-3 (Groundball, 5L, EV 80.6 MPH)
|
|
Batting: RHB John Chiesa
|
0-0: Ball 1-0: Ball 2-0: Ball 3-0: Base on Balls
|
|
Batting: LHB Julian Toney
|
0-0: Called Strike John Chiesa steals 2nd base 0-1: Called Strike 0-2: Strikes out swinging
|
|
Batting: RHB Andy Garvin
|
0-0: Ball 1-0: Ball 2-0: Ball 3-0: Called Strike 3-1: SINGLE (Flyball, 78M, EV 80.6 MPH) John Chiesa to third Runner from 3rd tries for Home, SAFE, throw by CF to home
|
|
Batting: RHB Joe Evrard
|
0-0: Called Strike 0-1: Swinging Strike 0-2: Strikes out swinging
|
| Top of the 4th over - 1 run, 1 hit, 0 errors, 1 left on base; Pawtucket 1 - Rochester 0 |
| BOTTOM OF THE 4TH |
|
Rochester Red Wings batting - Pitching for Pawtucket Red Sox : RHP Roberto Morales
|
|
Batting: RHB Joe Young
|
0-0: Ball 1-0: Called Strike 1-1: Foul Ball, location: 2F 1-2: Foul Ball, location: 2F 1-2: Fly out, F3 (Line Drive, 3L, EV 67.5 MPH)
|
|
Batting: SHB Ian Thompson
|
0-0: Foul Ball, location: 2F 0-1: Ball 1-1: Swinging Strike 1-2: Strikes out swinging
|
|
Batting: LHB Chaim Huting
|
0-0: SINGLE (Groundball, 4M, EV 103.8 MPH)
|
|
Batting: SHB Dan Morataya
|
0-0: Called Strike Chaim Huting is caught stealing 2nd base 2-6
|
| Bottom of the 4th over - 0 runs, 1 hit, 0 errors, 0 left on base; Pawtucket 1 - Rochester 0 |
| TOP OF THE 5TH |
|
Pawtucket Red Sox batting - Pitching for Rochester Red Wings : RHP Matt Springer
|
|
Batting: SHB Ben Ervin
|
0-0: Ground out 6-3 (Groundball, 6, EV 103.1 MPH)
|
|
Batting: RHB Carlos Nolasco
|
0-0: Called Strike 0-1: Ball 1-1: Swinging Strike 1-2: Strikes out swinging
|
|
Batting: RHB Jose Diaz
|
0-0: Ball 1-0: Ball 2-0: Foul Ball, location: 2F 2-1: Ball 3-1: Base on Balls
|
|
Batting: RHB Roberto Morales
|
0-0: Ball 1-0: Ball 2-0: Called Strike 2-1: Ground out 6-3 (Groundball, 6MD, EV 105.6 MPH)
|
| Top of the 5th over - 0 runs, 0 hits, 0 errors, 1 left on base; Pawtucket 1 - Rochester 0 |
| BOTTOM OF THE 5TH |
|
Rochester Red Wings batting - Pitching for Pawtucket Red Sox : RHP Roberto Morales
|
|
Batting: SHB Dan Morataya
|
0-0: Called Strike 0-1: Ball 1-1: Foul Ball, location: 2F 1-2: Fly out, F3 (Popup, 3SF, EV 86.2 MPH)
|
|
Batting: LHB Chris Munguia
|
0-0: Ball 1-0: Called Strike 1-1: Ball 2-1: SINGLE (Groundball, 3L, EV 95.6 MPH) (infield hit)
|
|
Batting: RHB Manuel Juarez
|
0-0: Called Strike 0-1: Fly out, F8 (Flyball, 89XD, EV 95.0 MPH)
|
|
Batting: SHB Manny Molina
|
0-0: Called Strike 0-1: Ball 1-1: Ball 2-1: Fly out, F8 (Line Drive, 8RD, EV 110.6 MPH)
|
| Bottom of the 5th over - 0 runs, 1 hit, 0 errors, 1 left on base; Pawtucket 1 - Rochester 0 |
| TOP OF THE 6TH |
|
Pawtucket Red Sox batting - Pitching for Rochester Red Wings : RHP Matt Springer
|
|
Batting: RHB Brandon Perris
|
0-0: Ball 1-0: Fly out, F9 (Line Drive, 89M, EV 98.1 MPH)
|
|
Batting: RHB John Chiesa
|
0-0: Called Strike 0-1: Ball 1-1: Ground out 2-3 (Groundball, 2L, EV 62.5 MPH)
|
|
Batting: LHB Julian Toney
|
0-0: Foul Ball, location: 2F 0-1: Swinging Strike 0-2: Foul Ball, location: 2F 0-2: Strikes out swinging
|
| Top of the 6th over - 0 runs, 0 hits, 0 errors, 0 left on base; Pawtucket 1 - Rochester 0 |
| BOTTOM OF THE 6TH |
|
Rochester Red Wings batting - Pitching for Pawtucket Red Sox : RHP Roberto Morales
|
|
Batting: RHB Ryan Gautney
|
0-0: SINGLE (Groundball, 56D, EV 98.1 MPH)
|
|
Batting: RHB Jeremy Witt
|
0-0: Foul Ball, location: 2F 0-1: Ball 1-1: Fly out, F7 (Flyball, 78M, EV 86.2 MPH)
|
|
Batting: RHB Joe Young
|
0-0: Called Strike 0-1: Fly out, F7 (Flyball, 7, EV 75.0 MPH)
|
|
Batting: SHB Ian Thompson
|
0-0: Called Strike 0-1: Ball 1-1: Ball 2-1: Foul Ball, location: 2F 2-2: Ball 3-2: Foul Ball, location: 2F 3-2: Fly out, F9 (Flyball, 9D, EV 97.5 MPH)
|
| Bottom of the 6th over - 0 runs, 1 hit, 0 errors, 1 left on base; Pawtucket 1 - Rochester 0 |
| TOP OF THE 7TH |
|
Pawtucket Red Sox batting - Pitching for Rochester Red Wings : RHP Matt Springer
|
|
Batting: RHB Andy Garvin
|
0-0: Called Strike 0-1: Ground out 5-3 (Groundball, 56S, EV 84.4 MPH)
|
|
Pitching: RHP Justin Gorden
|
|
|
Batting: RHB Joe Evrard
|
0-0: Ball 1-0: Called Strike 1-1: Swinging Strike 1-2: Foul Ball, location: 2F 1-2: Fly out, F4 (Popup, 34D, EV 63.8 MPH)
|
|
Batting: SHB Ben Ervin
|
0-0: Ball 1-0: Foul Ball, location: 2F 1-1: Ground out U3 (Groundball, 3L, EV 106.9 MPH)
|
| Top of the 7th over - 0 runs, 0 hits, 0 errors, 0 left on base; Pawtucket 1 - Rochester 0 |
| BOTTOM OF THE 7TH |
|
Rochester Red Wings batting - Pitching for Pawtucket Red Sox : RHP Roberto Morales
|
|
Batting: LHB Chaim Huting
|
0-0: Swinging Strike 0-1: Swinging Strike 0-2: Strikes out swinging
|
|
Batting: SHB Dan Morataya
|
0-0: Foul Ball, location: 2F 0-1: Ground out U3 (Groundball, 3, EV 111.2 MPH)
|
|
Batting: LHB Chris Munguia
|
0-0: Called Strike 0-1: Ball 1-1: Swinging Strike 1-2: Foul Ball, location: 2F 1-2: Strikes out swinging
|
| Bottom of the 7th over - 0 runs, 0 hits, 0 errors, 0 left on base; Pawtucket 1 - Rochester 0 |
| TOP OF THE 8TH |
|
Pawtucket Red Sox batting - Pitching for Rochester Red Wings : RHP Justin Gorden
|
|
Batting: RHB Carlos Nolasco
|
0-0: Called Strike 0-1: Ball 1-1: Ball 2-1: Foul Ball, location: 2F 2-2: Ground out 5-3 (Groundball, 56S, EV 88.1 MPH)
|
|
Batting: RHB Jose Diaz
|
0-0: Ball 1-0: Ball 2-0: Called Strike 2-1: Ball 3-1: Base on Balls
|
|
Batting: RHB Roberto Morales
|
0-0: DOUBLE (Groundball, 5L, EV 103.1 MPH) Jose Diaz to third
|
|
Batting: RHB Brandon Perris
|
0-0: Called Strike 0-1: Called Strike 0-2: Strikes out swinging
|
|
Batting: RHB John Chiesa
|
0-0: Swinging Strike 0-1: Called Strike 0-2: Ball 1-2: Foul Ball, location: 2F 1-2: Ball 2-2: Ball 3-2: Strikes out swinging
|
| Top of the 8th over - 0 runs, 1 hit, 0 errors, 2 left on base; Pawtucket 1 - Rochester 0 |
| BOTTOM OF THE 8TH |
|
Rochester Red Wings batting - Pitching for Pawtucket Red Sox : RHP Roberto Morales
|
|
Batting: RHB Manuel Juarez
|
0-0: Swinging Strike 0-1: Swinging Strike 0-2: Foul Ball, location: 2F 0-2: Ball 1-2: Ball 2-2: Ball 3-2: Fly out, F9 (Flyball, 9, EV 90.0 MPH)
|
|
Batting: SHB Manny Molina
|
0-0: Ball 1-0: Ball 2-0: Ball 3-0: Base on Balls
|
|
Pitching: RHP Danny Klomp
|
|
|
Batting: RHB Ryan Gautney
|
0-0: Called Strike 0-1: Ball 1-1: Hit by Pitch Manny Molina to second
|
|
Pinch Hitting: LHB Jayden Thomas
|
0-0: Sac Bunt to 25 - play at first, batter OUT! 5-4 Manny Molina to third Ryan Gautney to second
|
|
Batting: RHB Joe Young
|
0-0: Ball 1-0: Swinging Strike 1-1: Ball Wild Pitch! Manny Molina scores Ryan Gautney to third 2-1: Foul Ball, location: 2F 2-2: Ground out 4-3 (Groundball, 4, EV 110.0 MPH)
|
| Bottom of the 8th over - 1 run, 0 hits, 0 errors, 1 left on base; Pawtucket 1 - Rochester 1 |
| TOP OF THE 9TH |
|
Pawtucket Red Sox batting - Pitching for Rochester Red Wings : RHP Justin Gorden
|
|
Pitching: LHP Antoine Champagne
|
|
|
Now at 1B: Juan Espinoza
|
|
|
Pinch Hitting: RHB Ernie Genier
|
0-0: Ball 1-0: Called Strike 1-1: Swinging Strike 1-2: Strikes out looking
|
|
Batting: RHB Andy Garvin
|
0-0: Called Strike 0-1: SINGLE (Groundball, 3D, EV 107.5 MPH)
|
|
Batting: RHB Joe Evrard
|
0-0: Ball 1-0: Ball 2-0: Foul Ball, location: 2F 2-1: Ball 3-1: Foul Ball, location: 2F 3-2: Strikes out swinging
|
|
Batting: SHB Ben Ervin
|
0-0: Ball 1-0: Ball 2-0: Swinging Strike 2-1: Foul Ball, location: 2F 2-2: Strikes out swinging
|
| Top of the 9th over - 0 runs, 1 hit, 0 errors, 1 left on base; Pawtucket 1 - Rochester 1 |
| BOTTOM OF THE 9TH |
|
Rochester Red Wings batting - Pitching for Pawtucket Red Sox : RHP Danny Klomp
|
|
Now at 2B: David Norum
|
|
|
Now in LF: Jose Diaz
|
|
|
Now in RF: Ben Ervin
|
|
|
Batting: SHB Ian Thompson
|
0-0: Ball 1-0: Called Strike 1-1: Foul Ball, location: 2F 1-2: Strikes out swinging
|
|
Batting: LHB Chaim Huting
|
0-0: Foul Ball, location: 2F 0-1: TRIPLE (Flyball, 9D, EV 91.2 MPH)
|
|
Batting: SHB Dan Morataya
|
0-0: Ball 1-0: Fielders Choice at home, 4-2 (Groundball, 4, EV 102.5 MPH)
|
|
Batting: LHB Chris Munguia
|
0-0: Called Strike 0-1: Ball 1-1: Ball 2-1: Called Strike 2-2: Ball 3-2: Strikes out swinging
|
| Bottom of the 9th over - 0 runs, 1 hit, 0 errors, 1 left on base; Pawtucket 1 - Rochester 1 |
| TOP OF THE 10TH |
|
Pawtucket Red Sox batting - Pitching for Rochester Red Wings : LHP Antoine Champagne
|
|
Batting: RHB Carlos Nolasco
|
0-0: Ball 1-0: Foul Ball, location: 2F 1-1: Foul Ball, location: 2F 1-2: Ball 2-2: Foul Ball, location: 2F 2-2: Strikes out swinging
|
|
Batting: RHB Jose Diaz
|
0-0: Foul Ball, location: 2F 0-1: Ground out 5-3 (Groundball, 5, EV 100.0 MPH)
|
|
Batting: RHB Roberto Morales
|
0-0: Ball 1-0: Foul Ball, location: 2F 1-1: Fly out, F8 (Flyball, 8LM, EV 91.9 MPH)
|
| Top of the 10th over - 0 runs, 0 hits, 0 errors, 0 left on base; Pawtucket 1 - Rochester 1 |
| BOTTOM OF THE 10TH |
|
Rochester Red Wings batting - Pitching for Pawtucket Red Sox : RHP Danny Klomp
|
|
Batting: RHB Manuel Juarez
|
0-0: Ball 1-0: Ball 2-0: Called Strike 2-1: Ball 3-1: Foul Ball, location: 2F 3-2: Foul Ball, location: 2F 3-2: Base on Balls
|
|
Pitching: LHP John Hotham
|
|
|
Batting: SHB Manny Molina
|
0-0: Bunted foul 0-1: Sac Bunt to 3S - play at first, batter OUT! 3-4 Manuel Juarez to second
|
|
Batting: RHB Ryan Gautney
|
0-0: Called Strike 0-1: Called Strike 0-2: Ball 1-2: Fly out, F8 (Flyball, 8RD, EV 74.4 MPH) Runner from 2nd tags up, SAFE at 3rd with throw by CF
|
|
Batting: RHB Juan Espinoza
|
0-0: Ball 1-0: SINGLE (Groundball, 3D, EV 103.8 MPH) Manuel Juarez scores
|
| Bottom of the 10th over - 1 run, 1 hit, 0 errors, 1 left on base; Pawtucket 1 - Rochester 2 |
|